AoeStats
← 重案组之虎

Arena

508233237Analyzed
4v4 RM · 11d ago on Sep 21, 2026· 38m 41s· 8 players
Game mode
Random Map
Map size
Large (8 player)
Population
200
Speed
Normal
Resources
Standard
Victory
Conquest
Starting age
Dark Age
Ending age
Imperial Age
RankedLock teamsTeams togetherTeam positionsShared explorationLock speedFull tech treeHidden civsTurbo modeCheats
Victory
Defeat
🇦🇷 Britons · Argentina
1073
+12
🇨🇳 Dravidians · China
1062
+12
🇺🇦 Persians · Ukraine
1023
+14
🇨🇳 Byzantines · China
972
+16
🇨🇳 Inca · China
988
-14
🇨🇳 Bohemians · China
987
-14
🇨🇳 Byzantines · China
984
-14
🇨🇳 Turks · China
940
-12
sparttanez
10:43 Feudal Age
15:13 Castle Age
14:44 Double-Bit Axe
14:43 Horse Collar
15:48 Wheelbarrow
16:06 Bow Saw
20:55 Gold Mining
22:06 Hand Cart
28:09 Imperial Age
26:16 Scale Barding Armor
26:23 Forging
27:56 Bloodlines
27:46 Husbandry
28:11 Chain Barding Armor
28:27 Iron Casting
28:04 Loom
28:04 Town Watch
27:46 Cavalier
28:49 Stone Mining
29:05 Heavy Plow
31:44 Plate Barding Armor
32:10 Blast Furnace
32:40 Two-Man Saw
32:31 Conscription
32:36 Savar
33:29 Fletching
33:31 Heavy Camel Rider
35:33 Hoardings
35:47 Gold Shaft Mining
35:53 Stone Shaft Mining
36:54 Bodkin Arrow
37:34 Coinage
38:21 Caravan
38:52 Banking
Jimmy Jay
5:06 Loom
12:51 Feudal Age
14:24 Double-Bit Axe
14:21 Horse Collar
14:53 Stone Mining
17:19 Castle Age
15:51 Gold Mining
15:54 Fletching
17:30 Wheelbarrow
18:23 Bow Saw
18:18 Heavy Plow
28:29 Imperial Age
26:58 Gold Shaft Mining
26:28 Padded Archer Armor
27:07 Masonry
28:02 Ballistics
29:45 Architecture
30:17 Chemistry
30:58 Conscription
31:33 Bodkin Arrow
33:08 Guilds
34:16 Elite Longbowman
35:03 Bracer
36:40 Hand Cart
36:11 Town Watch
37:33 Two-Man Saw
38:31 Yeomen
wtcl
1:59 Loom
10:42 Feudal Age
10:56 Loom
11:43 Double-Bit Axe
14:37 Castle Age
12:50 Horse Collar
16:06 Bow Saw
21:47 Heavy Plow
22:42 Wheelbarrow
23:42 Stone Mining
23:44 Gold Mining
24:52 Fletching
25:02 Padded Archer Armor
25:23 Hand Cart
25:40 Loom
29:01 Imperial Age
27:06 Bodkin Arrow
27:34 Ballistics
28:03 Leather Archer Armor
29:48 Husbandry
29:30 Elite Elephant Archer
31:30 Chemistry
30:33 Bracer
30:52 Thumb Ring
31:33 Conscription
31:45 Gambesons
31:26 Man-at-Arms
32:21 Scale Mail Armor
32:32 Forging
32:44 Squires
32:06 Long Swordsman
33:22 Wootz Steel
33:25 Medical Corps
33:08 Two-Handed Swordsman
34:41 Chain Mail Armor
35:08 Iron Casting
34:45 Arson
34:21 Champion
35:54 Siege Elephant
39:00 Plate Mail Armor
39:32 Blast Furnace
String
10:45 Feudal Age
17:15 Castle Age
22:02 Double-Bit Axe
21:59 Horse Collar
22:10 Gold Mining
23:00 Wheelbarrow
23:46 Heavy Plow
25:00 Fortified Wall
28:20 Elite Skirmisher
28:30 Elite Skirmisher
32:31 Imperial Age
30:22 Hand Cart
32:18 Ballistics
32:16 Bow Saw
34:14 Chemistry
34:17 Conscription
35:12 Padded Archer Armor
35:27 Squires
34:48 Pikeman
36:05 Halberdier
36:31 Gambesons
38:01 Two-Man Saw
37:58 Crop Rotation
重案组之虎
11:43 Feudal Age
15:24 Castle Age
13:47 Double-Bit Axe
13:44 Horse Collar
19:05 Bow Saw
19:03 Heavy Plow
27:37 Chemistry
32:39 Imperial Age
31:15 Wheelbarrow
30:45 Padded Archer Armor
33:19 Leather Archer Armor
32:51 Houfnice
34:39 Forging
34:29 Scale Mail Armor
34:54 Hand Cart
35:11 Pikeman
35:53 Squires
35:38 Arson
36:16 Redemption
Mita Lover
11:40 Feudal Age
13:55 Double-Bit Axe
16:25 Castle Age
17:21 Gold Mining
21:40 Bow Saw
22:04 Fletching
22:19 Padded Archer Armor
24:18 Wheelbarrow
29:25 Imperial Age
28:00 Horse Collar
30:11 Gold Shaft Mining
29:54 Hand Cart
31:11 Conscription
34:48 Stone Mining
37:26 Heavy Plow
华夏最大根
11:44 Feudal Age
15:33 Castle Age
13:56 Loom
15:38 Double-Bit Axe
15:36 Horse Collar
18:06 Heavy Plow
20:08 Bow Saw
22:30 Stone Mining
22:45 Gold Mining
29:22 Imperial Age
27:30 Wheelbarrow
28:51 Gold Shaft Mining
28:52 Stone Shaft Mining
28:37 Scale Barding Armor
30:40 Crop Rotation
30:24 Husbandry
29:55 Heavy Camel Rider
31:03 Conscription
30:52 Squires
30:13 Pikeman
31:31 Hand Cart
32:31 Two-Man Saw
32:44 Hoardings
33:24 Chain Barding Armor
33:16 Forging
34:45 Fortified Wall
35:36 Chemistry
34:36 Light Cavalry
好邻居
2:12 Loom
10:59 Feudal Age
16:24 Castle Age
14:58 Stone Mining
15:56 Double-Bit Axe
15:54 Horse Collar
16:15 Gold Mining
16:15 Horse Collar
19:38 Wheelbarrow
20:00 Bow Saw
26:08 Imperial Age
24:36 Heavy Plow
24:38 Fletching
24:29 Champi Runner
25:33 Forging
25:24 Scale Mail Armor
25:37 Squires
25:34 Champi Warrior
28:56 Iron Casting
30:32 Chain Mail Armor
Connection lost

Rejoining the realm…

Still unreachable

The connection could not be restored.

Session expired

The server has moved on; the page needs a fresh start.